 Dungeon Crawl Stone Soup version 0.27-a0-421-g7ddf969dea (webtiles) character file.

Game seed: 8702633767029650017

16 kae the Skirmisher (level 2, -2/24 HPs)
             Began as a Demonspawn Fighter on Feb 24, 2021.
             Slain by a leopard gecko (3 damage)
             ... on level 2 of the Dungeon on Feb 26, 2021.
             The game lasted 00:00:33 (955 turns).

kae the Skirmisher (Demonspawn Fighter)              Turns: 955, Time: 00:00:33

Health: -2/24      AC:  6    Str: 16    XL:     2   Next: 37%
Magic:  2/2        EV:  6    Int:  9    God:
Gold:   68         SH:  8    Dex: 12    Spells: 1/1 levels left

rFire    . . .     SeeInvis .   a - +0 flail
rCold    . . .     Faith    .   c - +0 kite shield
rNeg     . . .     Spirit   .   b - +0 scale mail
rPois    .         Reflect  .   (helmet restricted)
rElec    .         Harm     .   (no cloak)
rCorr    .         Rampage  .   (no gloves)
Will     .....                  (no boots)
Stlth    ..........             (no amulet)
HPRegen  0.08/turn              (no ring)
MPRegen  0.08/turn              (no ring)

@: no status effects
A: antennae 1
a: no special abilities


You were on level 2 of the Dungeon.
You visited 1 branch of the dungeon, and saw 2 of its levels.

You collected 68 gold pieces.

Inventory:

Hand Weapons
 a - a +0 flail (weapon)
Armour
 b - a +0 scale mail (worn)
 c - a +0 kite shield (worn)
Scrolls
 f - a scroll of amnesia {unknown}
Potions
 d - 2 potions of might
 e - a potion of flight {unknown}
 g - a potion of mutation {unknown}
 h - a potion of curing {unknown}


   Skills:
 + Level 3.2 Fighting
 * Level 2.3 Maces & Flails
 + Level 2.9 Armour
 - Level 2.6 Shields


You had one spell level left.
You didn't know any spells.
Your spell library was empty.

Dungeon Overview and Level Annotations

Branches:
Dungeon (2/15)

Altars:


Innate Abilities, Weirdness & Mutations

You have a pair of small antennae on your head.


Message History

You block the hound's attack.
The leopard gecko bites you but does no damage.
You are too injured to fight recklessly!
You are too injured to fight recklessly!
You are too injured to fight recklessly!
You are too injured to fight recklessly!
You are too injured to fight recklessly!
You are too injured to fight recklessly!
You are too injured to fight recklessly!
You closely miss the leopard gecko. The hound barely misses you.
The hound bites you.
The leopard gecko bites you but does no damage.
The hound bites you but does no damage. The leopard gecko barely misses you.
You closely miss the leopard gecko. The hound bites you.
You block the leopard gecko's attack. The hound bites you.
You block the leopard gecko's attack.
You completely miss the leopard gecko. The hound barely misses you.
The leopard gecko bites you but does no damage.
The hound bites you.
You miss the leopard gecko. You block the hound's attack.
You block the leopard gecko's attack. The hound bites you.
* * * LOW HITPOINT WARNING * * *
The leopard gecko barely misses you. The hound bites you.
* * * LOW HITPOINT WARNING * * *
You barely miss the hound.
The hound is almost dead.
You block the leopard gecko's attack. The hound bites you.
* * * LOW HITPOINT WARNING * * *
The leopard gecko bites you but does no damage.
The hound barely misses you.
You closely miss the hound.
The hound is almost dead.
You block the hound's attack. You block the leopard gecko's attack.
The hound bites you.
* * * LOW HITPOINT WARNING * * *
The leopard gecko bites you but does no damage.
You sock the hound!
You kill the hound!
The leopard gecko bites you.
You die...

#..#.<#.# ..
##..#...# .#
#..##..##.#
#..##.....#
##..#...####
#.......#
.>...##..#
..... #l##
.... #@# ...
#l# ##. ...
.....
#.....#
##....#
#....#
######


You could see a leopard gecko and a frilled lizard.

Vanquished Creatures
  A hound (D:2)
  A giant cockroach (D:1)
  2 goblins (D:1)
  3 hobgoblins (D:1)
  3 jackals (D:1)
  A bat (D:1)
  3 kobolds (D:1)
14 creatures vanquished.

Notes
Turn   | Place    | Note
-------+----------+-------------------------------------------
     0 | D:1      | kae the Demonspawn Fighter began the quest for the Orb.
     0 | D:1      | Reached XP level 1. HP: 18/18 MP: 1/1
   328 | D:1      | Upgraded the game from 0.27-a0-414-gbb19ded6d3 to
                  | 0.27-a0-421-g7ddf969dea
   430 | D:1      | Gained mutation: You have a pair of small antennae on your
                  | head. [demonic ancestry]
   430 | D:1      | Reached XP level 2. HP: 7/24 MP: 2/2
   954 | D:2      | HP: 1/24 [hound (2)]
   955 | D:2      | Slain by a leopard gecko

Illustrated notes

Levels and vault maps discovered:
D:1:      sevenhm_arrival_forest_fort_small_5, layout_basic
D:2:      layout_rooms, ashenzari_altar_1, minmay_heptomino_l4

Skill      XL: |  1 |
---------------+----+-----
Maces & Flails | 2 |  2.3
Fighting       | |  3.2
Armour         | |  2.9
Shields        | |  2.6

Action                   || total
-------------------------++-------
Melee: Flail             ||    71
Armor: Scale mail        ||    59
Dodge: Dodged            ||    28
Block: Kite shield       ||    50

Table legend: (Time is in decaauts)
 A = Elapsed time spent in this place.
 B = Non-inter-level travel time spent in this place.
 C = Inter-level travel time spent in this place.
 D = Time resting spent in this place.
 E = Time spent auto-exploring this place.
 F = Levels seen in this place.
 G = Mean time per level.
                   A        B        C        D        E       F      G
               +--------+--------+--------+--------+--------+-----+--------+
         Total |    995 |    992 |      3 |    194 |    648 |   2 |  497.5 |
       Dungeon |    995 |    992 |      3 |    194 |    648 |   2 |  497.5 |
               +--------+--------+--------+--------+--------+-----+--------+

Top non-repeatable levels by time:
     D:1: 961 daAuts
     D:2: 34 daAuts
